 Dungeon Crawl Stone Soup version 0.16-a0-1157-gec61f8e (webtiles) character file.

25 Qrupt the Ducker (level 2, 0/11 HPs)
             Began as a Felid Wizard on Oct 8, 2014.
             Succumbed to an adder's poison
             ... on level 2 of the Dungeon.
             The game lasted 00:05:23 (1638 turns).

Qrupt the Ducker (Felid Wizard)                     Turns: 1638, Time: 00:05:23

Health: 0/11       AC:  1    Str:  3    XL:     2   Next: 86%
Magic:  1/7        EV: 18    Int: 19    God:
Gold:   21         SH:  0    Dex: 14    Spells: 2 memorised, 4 levels left
                                        Lives:  0   Deaths: 0

rFire  . . .     SeeInvis +     (weapon unavailable)
rCold  . . .     Clarity  .     (armour unavailable)
rNeg   . . .     SustAb   .     (shield unavailable)
rPois  .         Gourm    .     (helmet unavailable)
rElec  .         Spirit   .     (cloak unavailable)
rCorr  .         Warding  .     (gloves unavailable)
rMut   .         Stasis   .     (boots unavailable)
MR     .....                    (no amulet)
Stlth  +++.......               (no ring)
                                (no ring)

@: lethally poisoned, quick, not resistant to hostile enchantments, fairly
stealthy
A: paw claws, no armour, no weapons or thrown items, fangs 3, see invisible,
carnivore 3, speed 1, shaggy fur 1, slow metabolism 1, jump 1
a: Jump Attack


You were on level 2 of the Dungeon.
You were not hungry.

You visited 1 branch of the dungeon, and saw 2 of its levels.

You collected 21 gold pieces.

Inventory:

Comestibles
 d - a meat ration
Scrolls
 a - a scroll of noise
 g - a scroll of remove curse {unknown}
Books
 c - a book of Minor Magic

   Spells                             Type                      Level
   *Magic Dart                        Conjuration                  1
   *Blink                             Translocation                2
   Call Imp                           Summoning                    2
   Repel Missiles                     Charms/Air                   2
   Slow                               Hexes                        2
   Conjure Flame                      Conjuration/Fire             3
   Mephitic Cloud                     Conjuration/Poison/Air       3


   Skills:
 + Level 3.3 Dodging
 + Level 3.0 Stealth
 + Level 3.2 Spellcasting
 + Level 1.5 Conjurations
   Level 1.0 Summonings
 - Level 1.5 Translocations


You had 4 spell levels left.
You knew the following spells:

 Your Spells              Type           Power        Failure   Level  Hunger
a - Magic Dart            Conj           #...         10%         1    None
b - Blink                 Tloc           N/A          14%         2    ##.....


Dungeon Overview and Level Annotations

Branches:
Dungeon (2/15)

Altars:


Innate Abilities, Weirdness & Mutations

You cannot wear armour.
You are incapable of wielding weapons or throwing items.
Your paws have sharp claws.
You have razor-sharp teeth.
You have supernaturally acute eyesight.
You are carnivorous and can eat meat at any time.
You cover ground quickly.
You are covered in fur (AC +1).
You have a slow metabolism.
You can jump attack at a short distance.


Message History

It was a scroll of noise.
* * * LOW HITPOINT WARNING * * *
You feel sick.
You hear a shout!
The adder closely misses you. The adder misses you.
Read which item? (? for menu, Esc to quit)
As you read the scroll labeled TWOPRAENIUV, it crumbles to dust.
It is a scroll of enchant weapon.
You aren't carrying any weapons that can be enchanted.
The adder bites you.
* * * LOW HITPOINT WARNING * * *
Read which item? (? for menu, Esc to quit)
As you read the scroll labeled KUSUINYPLI, it crumbles to dust.
You feel aware of your surroundings.
It was a scroll of magic mapping.
The adder closely misses you.
Read which item? (? for menu, Esc to quit)
As you read the scroll labeled NARYUNL UVEAP, it crumbles to dust.
It is a scroll of enchant armour.
You aren't carrying any armour which can be enchanted further.
You die...

,,,*****,**,*
*,*****,,,*******
,,,+,,,,,**,*
*,,,,**,,,**,,,,*
,,,********,*
****,**,,,**,**,* ****
*,,,,,* *,**,,,**,**,*
*,***********,**,,,,,,**,*
*,,,,,,,,,,,,,***+******,*
*************** *,,,* *,**
#############,* *,,,
#...@S......#,* ****
###...#####.###,* *,,,
#........#*,,,,,* *,**
#.###.##.#******* *,**
#.....##.# *,,, ########<#
**** ###


You could see an adder.

Vanquished Creatures
  A giant cockroach (D:1)
  A hobgoblin (D:1)
  4 jackals (D:1)
  2 oozes (D:1)
  3 bats (D:1)
  A giant newt (D:1)
  4 goblins (D:1)
  2 kobolds (D:1)
  6 rats (D:1)
24 creatures vanquished.

Notes
Turn   | Place    | Note
--------------------------------------------------------------
     0 | D:1      | Qrupt, the Felid Wizard, began the quest for the Orb.
     0 | D:1      | Reached XP level 1. HP: 7/7 MP: 5/5
   109 | D:1      | Reached skill level 1 in Conjurations
   481 | D:1      | Reached XP level 2. HP: 3/11 MP: 0/7
  1038 | D:1      | Learned a level 2 spell: Blink
  1638 | D:2      | Succumbed to an adder's poison

Action                   || total
-------------------------++-------
Melee: Unarmed           ||    22
 Cast: Magic Dart        ||    57
  Use: Scroll            ||     4
